 Dungeon Crawl Stone Soup version 0.20.1-1-g8b1a95d (webtiles) character file.

4976 Andry07 the Basher (level 10, 0/68 HPs)
             Began as a Gargoyle Fighter on Oct 5, 2017.
             Was an Elder of Okawaru.
             Slain by a thrashing horror (4 damage)
             ... on level 2 of the Abyss.
             The game lasted 00:21:19 (10003 turns).

Andry07 the Basher (Gargoyle Fighter)              Turns: 10003, Time: 00:21:20

Health: 0/68       AC: 18    Str: 23    XL:     10   Next: 53%
Magic:  10/10      EV:  7    Int:  9    God:    Okawaru [****..]
Gold:   490        SH:  9    Dex:  9    Spells: 9/9 levels left

rFire    . . .     SeeInvis .   P - +0 double sword
rCold    . . .     Gourm    .   c - +0 shield
rNeg     + . .     Faith    .   b - +0 scale mail
rPois    ∞         Spirit   .   g - +0 helmet
rElec    +         Reflect  .   A - scarf {cloud immunity}
rCorr    .         Harm     .   (no gloves)
MR       .....     Rnd*Tele +   v - +0 pair of boots (curse)
Stlth    ..........             (no amulet)
Regen    0.3/turn               y - ring of teleportation (curse)
MPRegen  0.2/turn               H - +2 ring of protection

@: no status effects
A: negative energy resistance 1, electricity resistance, unbreathing,
petrification resistance, rot immunity, AC +7
a: Heroism, Renounce Religion


You were on level 2 of the Abyss.
You worshipped Okawaru.
Okawaru was greatly pleased with you.
You were hungry.

You visited 2 branches of the dungeon, and saw 11 of its levels.
You visited the Abyss 1 time.

You collected 490 gold pieces.

Inventory:

Hand Weapons
 a - a +0 flail
 r - the +4 Vampire's Tooth {vamp}
   (You found it on level 4 of the Dungeon)

   It inflicts no extra harm, but heals its wielder when it wounds a living foe.
 P - a +0 double sword (weapon)
Armour
 b - a +0 scale mail (worn)
 c - a +0 shield (worn)
 g - a +0 helmet (worn)
 v - a cursed +0 pair of boots (worn)
 A - a scarf of cloud immunity (worn)
Jewellery
 y - a cursed ring of teleportation (left hand)
 H - a +2 ring of protection (right hand)
Wands
 e - a wand of polymorph (2/24)
 x - a wand of acid (9/15)
 C - a wand of confusion (23/48)
Scrolls
 h - 2 scrolls of noise
 j - a scroll of random uselessness {unknown}
 k - 4 scrolls of enchant armour
 m - a scroll of fog
 p - 3 scrolls of teleportation
 q - a scroll of blinking
 s - a scroll of immolation {unknown}
 t - 3 scrolls of remove curse {unknown}
 u - 3 scrolls of amnesia {unknown}
 B - 2 scrolls of fear
 D - 2 scrolls of brand weapon {unknown}
 F - 3 scrolls of magic mapping {unknown}
 L - 2 scrolls of identify
Potions
 d - 2 potions of might
 i - 2 potions of mutation
 l - a potion of heal wounds
 n - 2 potions of berserk rage
 w - a potion of curing
 z - 2 potions of agility
 E - a potion of flight {unknown}
 G - a potion of resistance
 J - 2 potions of lignification {unknown}
 K - 2 potions of haste {unknown}
 O - 2 potions of degeneration {unknown}
Books
 M - a book of Conjurations

   Spells                             Type                      Level
   a - Magic Dart                     Conjuration                  1
   b - Searing Ray                    Conjuration                  2
   c - Dazzling Spray                 Conjuration/Hexes            3
   d - Fulminant Prism                Conjuration/Hexes            4
   e - Force Lance                    Conjuration/Translocation    4
   f - Iskenderun's Mystic Blast      Conjuration                  4
Comestibles
 f - 10 bread rations
 o - 2 chunks of flesh
 I - 3 meat rations
 N - 4 royal jellies


   Skills:
 - Level 10.3 Fighting
 + Level 6.1 Long Blades
 - Level 10.4 Maces & Flails
 - Level 3.2 Armour
 - Level 3.2 Shields


You had 9 spell levels left.
You didn't know any spells.

Dungeon Overview and Level Annotations

Branches:
Dungeon (10/15)            Temple (1/1) D:4            Lair (0/6) D:8
    Orc: D:9-12

Altars:
Ashenzari
Cheibriados
Dithmenos
Elyvilon
Fedhas
Gozag
Hepliaklqana
Kikubaaqudgha
Makhleb
Nemelex Xobeh
Okawaru
Qazlal
Ru
Sif Muna
Trog
Uskayaw
Vehumet
Xom
Yredelemnul
Zin
The Shining One

Annotations:
D:9 Erolcha


Innate Abilities, Weirdness & Mutations

You are resistant to torment.
Your stone body is resilient. (AC +7)
You are immune to poison.
You resist negative energy. (rN+)
You are resistant to electric shocks. (rElec)
You can survive without breathing.
You are immune to petrification.
You are immune to rotting.


Message History

You closely miss the thrashing horror.
The thrashing horror tramples you but does no damage. x2
You closely miss the thrashing horror.
You block the thrashing horror's attack.
The thrashing horror tramples you but does no damage.
You slash the thrashing horror!
The thrashing horror is moderately damaged.
You block the thrashing horror's attack.
The thrashing horror tramples you but does no damage.
You closely miss the thrashing horror.
The thrashing horror is moderately damaged.
The thrashing horror tramples you!
* * * LOW HITPOINT WARNING * * *
You hold your ground!
The thrashing horror tramples you but does no damage.
You slash the thrashing horror!
The thrashing horror is heavily damaged.
The thrashing horror tramples you but does no damage.
The thrashing horror tramples you.
You die...

####. ... . ..
#.#....#.###.#.
#
#...x4.#...##.#
# ..# 4.#.... .
#. . #.#.#.#..
.
##X#..##....#.x
. #X.######.##
.#. . #X## ## .
# . ##@# #
##X.# ### #..
%# #. .# #p
#... .. .
...X.##
#....#.. .. .
.. .. .. .... .
... . .


You could see 2 thrashing horrors.

Vanquished Creatures
  The ghost of Andry07 the Fighter, a novice GrFi (D:8)
  Prince Ribbit (D:9)
  4 hogs (D:9)
  A human (D:9)
  Menkaure (D:7)
  2 wargs
  A water moccasin (D:8)
  Duvessa (D:7)
  2 orc warriors
  An ice beast (D:9)
  3 phantoms
  3 ogres
  2 centaurs
  A crocodile (D:10)
  A big kobold (D:7)
  4 bullfrogs
  A wyvern zombie (D:8)
  Dowan (D:7)
  3 scorpions
  3 wights (D:9)
  A howler monkey (D:6)
  2 vampire bats (D:4)
  2 crimson imps
  4 orc priests
  2 centaur skeletons (D:5)
  3 hounds
  5 jellies
  2 bullfrog skeletons
  Natasha (D:2)
  6 orc wizards
  5 worker ants
  A killer bee zombie (D:6)
  A hound skeleton (D:8)
  2 howler monkey skeletons (D:8)
  9 adders
  4 shadow imps
  3 adder skeletons
  2 worms
  5 leopard geckos
  25 orcs
  A ball python (D:1)
  10 bats
  6 giant cockroaches
  7 goblins
  7 hobgoblins
  4 iguanas
  13 jackals
  15 kobolds
  A quokka (D:5)
  4 frilled lizards
  2 leopard gecko skeletons
  A quokka skeleton (D:5)
  6 rats
199 creatures vanquished.

Notes
Turn   | Place    | Note
-------+----------+-------------------------------------------
     0 | D:1      | Andry07 the Gargoyle Fighter began the quest for the Orb.
     0 | D:1      | Reached XP level 1. HP: 14/14 MP: 1/1
    54 | D:1      | Reached XP level 2. HP: 20/20 MP: 2/2
   358 | D:1      | Reached XP level 3. HP: 24/24 MP: 3/3
   688 | D:2      | Reached skill level 5 in Fighting
   884 | D:2      | Found a sacrificial altar of Ru.
  1122 | D:2      | Noticed Natasha
  1140 | D:2      | Killed Natasha
  1140 | D:2      | Reached XP level 4. HP: 8/31 MP: 4/4
  1773 | D:3      | Reached XP level 5. HP: 30/36 MP: 5/5
  1863 | D:3      | Found a shimmering altar of Xom.
  2284 | D:4      | Reached XP level 6. HP: 36/44 MP: 6/6
  2593 | D:4      | Reached XP level 7. HP: 24/50 MP: 7/7
  2892 | D:4      | Found a blossoming altar of Fedhas.
  2939 | D:4      | Found a staircase to the Ecumenical Temple.
  2999 | Temple   | Entered the Ecumenical Temple
  3123 | Temple   | Became a worshipper of Warmaster Okawaru
  3419 | D:5      | Entered Level 5 of the Dungeon
  3464 | D:5      | Found a basalt altar of Yredelemnul.
  3970 | D:5      | Found a hide-covered altar of Uskayaw.
  4370 | D:6      | Reached skill level 10 in Fighting
  4590 | D:6      | Reached * piety under Okawaru
  4590 | D:6      | Reached XP level 8. HP: 47/58 MP: 8/8
  4656 | D:6      | You fall through a shaft for 3 floors!
  4657 | D:9      | Noticed Prince Ribbit
  5353 | D:7      | Reached skill level 5 in Maces & Flails
  5370 | D:7      | Found a shadowy altar of Dithmenos.
  5464 | D:7      | Noticed Menkaure
  5469 | D:7      | Killed Menkaure
  5469 | D:7      | Reached ** piety under Okawaru
  5728 | D:7      | Noticed Duvessa
  5729 | D:7      | Noticed Dowan
  5945 | D:7      | Reached XP level 9. HP: 53/63 MP: 9/9
  5978 | D:7      | Killed Duvessa
  6060 | D:7      | Killed Dowan
  6670 | D:8      | Noticed Andry07's ghost (novice GrFi)
  6900 | D:9      | Found a radiant altar of Vehumet.
  7059 | D:10     | Entered Level 10 of the Dungeon
  7371 | D:10     | Reached *** piety under Okawaru
  7820 | D:10     | Noticed a cyclops
  8391 | D:9      | Reached skill level 10 in Maces & Flails
  8557 | D:9      | Reached skill level 1 in Long Blades
  8557 | D:9      | Reached XP level 10. HP: 68/68 MP: 10/10
  8634 | D:9      | Killed Prince Ribbit
  8634 | D:9      | Reached **** piety under Okawaru
  8661 | D:9      | Noticed Erolcha
  8833 | D:8      | Found a staircase to the Lair.
  9307 | D:8      | Killed Andry07's ghost
  9307 | D:8      | Reached skill level 5 in Long Blades
  9629 | D:8      | Found a sacrificial altar of Ru.
  9629 | D:8      | Found a deep blue altar of Sif Muna.
  9940 | D:9      | Cast into level 2 of the Abyss (Erolcha)
  9953 | Abyss:2  | Noticed a thrashing horror
  9955 | Abyss:2  | Noticed a thrashing horror
  9971 | Abyss:2  | Noticed a worldbinder
  9976 | Abyss:2  | Noticed a necromancer
  9978 | Abyss:2  | Noticed a thrashing horror
  9980 | Abyss:2  | Noticed a thrashing horror
 10003 | Abyss:2  | Slain by a thrashing horror

Skill      XL: |  1  2  3  4  5  6  7  8  9 10 |
---------------+-------------------------------+-----
Fighting       | 4 5 6 7 8 10 | 10.3
Maces & Flails | 6 10 | 10.4
Long Blades    | 1 6 |  6.1
Armour         | |  3.2
Shields        | |  3.2

Action                   |  1- 3 |  4- 6 |  7- 9 | 10-12 || total
-------------------------+-------+-------+-------+-------++-------
Melee: Flail             |   136 |   177 |   516 |       ||   829
       Double sword      |       |       |     6 |   166 ||   172
       Unarmed           |       |       |     1 |       ||     1
  Use: Scroll            |       |       |    12 |       ||    12
       Potion            |       |       |       |     3 ||     3
  Eat: Chunk             |       |     6 |    19 |     3 ||    28
       Fruit             |       |       |     1 |     2 ||     3
Armor: Scale mail        |    75 |   171 |   279 |   164 ||   689
Dodge: Dodged            |    50 |    84 |   161 |    78 ||   373
Block: Shield            |    70 |   132 |   279 |   105 ||   586
       Rpst.: Double sword |       |       |     4 |    24 ||    28
